 Dungeon Crawl Stone Soup version 0.30.1-11-g7821555f0a (webtiles) character file.

Game seed: 16600057217067705133

70 monsoonserge the Conjurer (level 4, -2/26 HPs)
             Began as a Tengu Reaver on Jan 14, 2024.
             Was an Initiate of Gozag.
             Slain by Grinder (7 damage)
             ... on level 3 of the Dungeon.
             The game lasted 00:03:53 (1598 turns).

monsoonserge the Conjurer (Tengu Reaver)            Turns: 1598, Time: 00:03:54

Health: -2/26      AC:  3    Str: 12    XL:     4   Next: 22%
Magic:  8/8        EV:  9    Int: 15    God:    Gozag
Gold:   30         SH:  0    Dex: 13    Spells: 6/7 levels left

rFire   . . .        a - +0 mace
rCold   . . .        (no shield)
rNeg    . . .        b - +0 leather armour
rPois   .            (helmet restricted)
rElec   .            (no cloak)
rCorr   +            (no gloves)
SInv    .            (boots unavailable)
Will    +....        o - amulet of regeneration
Stlth   +            g - ring of willpower
HPRegen 1.04/turn    k - ring of resist corrosion
MPRegen 0.11/turn

%: no passive effects
@: grasped by roots, constricted
A: beak, talons 3
a: Renounce Religion, Potion Petition, Call Merchant, Bribe Branch


You were on level 3 of the Dungeon.
You worshipped Gozag.
Gozag was noncommittal.
You visited 1 branch of the dungeon, and saw 3 of its levels.

You collected 64 gold pieces.
You paid 34 gold pieces to Gozag.

Inventory:

Hand Weapons
 a - a +0 mace (weapon)
 f - a +0 rapier
Missiles
 i - 3 atropa-tipped darts
 m - 5 javelins (quivered)
Armour
 b - a +0 leather armour (worn)
Magical Staves
 p - a staff of conjuration
Jewellery
 g - a ring of willpower (left hand)
 k - a ring of resist corrosion (right hand)
 o - an amulet of regeneration (around neck)
Scrolls
 c - 3 scrolls of magic mapping {unknown}
 j - a scroll of identify {unknown}
 l - 2 scrolls of teleportation {unknown}
Potions
 d - a potion of ambrosia {unknown}
 e - 2 potions of curing {unknown}
 h - a potion of flight {unknown}
 n - a potion of brilliance {unknown}


   Skills:
 + Level 2.2 Fighting
 + Level 4.4 Maces & Flails
 + Level 1.1 Armour
 + Level 2.5 Dodging
 - Level 2.0 Spellcasting
 + Level 4.6 Conjurations


You had 6 spell levels left.
You knew the following spells:

 Your Spells              Type           Power      Damage    Failure   Level
a - Kiss of Death         Conj/Necr      32%        2d7       11%         1

Your spell library contained the following spells:

 Spells                   Type           Power      Damage    Failure   Level
 Momentum Strike          Conj/Tloc      16%        3d8       17%         2
 Hailstorm                Conj/Ice       8%         3d4       32%         3


Dungeon Overview and Level Annotations

Branches:
Dungeon (3/15)

Altars:
Gozag
The Shining One

Annotations:
D:3 Grinder


Innate Abilities, Weirdness & Mutations

You have a beak for a mouth.
You have claws for feet.


Message History

The orc moves out of view.
You feel sick. The goblin hits you but does no damage.
There is an open door here.
The goblin attacks as you move away! The goblin hits you with a +0 dagger.
You feel sick.
You hit the goblin. Your kick misses the goblin.
The goblin is heavily wounded.
You feel sick. The goblin hits you but does no damage.
You sock the goblin!
You kill the goblin!
You feel sick. Grinder gestures at you.
You easily resist.
Grinder blinks!
You barely miss Grinder. Your kick misses Grinder.
You feel sick.
You are no longer poisoned.
Grinder gestures at you. You resist with some effort.
You barely miss Grinder. Your peck misses Grinder. Grinder gestures at you.
You easily resist.
You hit Grinder.
Grinder is lightly wounded.
Grinder hits you!
You aren't carrying any items that you can evoke.
You sock Grinder!
Grinder is moderately wounded.
The orc throws a boomerang.
The boomerang hits you.
Grinder zaps a wand.
The roots erupt in riotous growth!
The grasping roots grab you!
Grinder is unaffected.
The grasping roots constrict you.
You hear a shout! x2
You closely miss Grinder. You claw Grinder.
Grinder is heavily wounded.
Grinder barely misses you. The grasping roots constrict you!
* * * LOW HITPOINT WARNING * * *
The orc hits you with a +0 hand axe.
* * * LOW HITPOINT WARNING * * *
Grinder hits you!
You die...
Your body crumbles into a pile of gold.

..o .. ..###### ##oo
#....... #..## #.
#K.. ### #. #.o
##### ..# ##
#.#####...#####.#
#.o@5..._.....'.#
#.#####...#####.#
#.....#####.....####
####................
#................
#######..........
##..[......
#.........
#.......†.


You could see Grinder and an orc.

Vanquished Creatures
  An adder (D:2)
  A dart slug (D:2)
  6 ball pythons (D:1)
  5 endoplasms
  5 giant cockroaches
  9 goblins
  8 hobgoblins
  4 kobolds (D:1)
  A quokka (D:2)
  6 bats
  2 frilled lizards
  4 rats
52 creatures vanquished.

Notes
Turn   | Place    | Note
-------+----------+-------------------------------------------
     0 | D:1      | monsoonserge the Tengu Reaver began the quest for the Orb.
     0 | D:1      | Reached XP level 1. HP: 12/12 MP: 4/4
   109 | D:1      | Reached XP level 2. HP: 17/17 MP: 6/6
   424 | D:1      | Reached XP level 3. HP: 18/21 MP: 7/7
  1026 | D:2      | Reached skill level 1 in Armour
  1039 | D:2      | Reached XP level 4. HP: 22/24 MP: 8/8
  1135 | D:2      | Found a glowing golden altar of the Shining One.
  1571 | D:3      | Found an opulent altar of Gozag.
  1581 | D:3      | Became a worshipper of Gozag Ym Sagoz the Greedy
  1589 | D:3      | Noticed Grinder
  1598 | D:3      | Slain by Grinder

Illustrated notes

Levels and vault maps discovered:
D:1:      reono_arrival_mine, layout_loops_ring
D:2:      layout_loops_ring, basic_altar
D:3:      layout_basic, mainiacjoe_overflow_surrounded_room, uniq_grinder

Skill      XL: |  1  2  3 |
---------------+----------+-----
Maces & Flails | 4 |  4.4
Armour         | 1 |  1.1
Fighting       | |  2.2
Dodging        | |  2.5
Spellcasting   | |  2.0
Conjurations   | |  4.6

Action                     |  1- 3 |  4- 6 || total
---------------------------+-------+-------++-------
  Melee: Mace              |   102 |    28 ||   130
         Kick              |    15 |     3 ||    18
         Peck              |    13 |     3 ||    16
         Punch             |     1 |       ||     1
   Cast: Kiss of Death     |     1 |       ||     1
 Armour: Leather armour    |    29 |    11 ||    40
  Dodge: Dodged            |    75 |    12 ||    87
